Map: Dead of Night

Players

Biertod

  • Race: Terran Terran
  • Spawn Location: 0:00

NamroodTuo

  • Race: Terran Terran

VOD

Have the link to the VOD?

Description

Time

  • Played on: April 15, 2023, 9:41 a.m.
  • Length: 25:47
Show
View Real Time Build Order
Export as new Build Order

Biertod Terran 

Build Orders:  

Get SALT Encoding   

  12  0:15  Refinery  
  12  0:29  Refinery  
  12  0:30  SCV  
  13  1:13  SCV  
  14  1:26  SCV  
  15  1:39  Supply Depot  
  15  2:08  SCV  
  16  2:10  Supply Depot  
  16  2:22  SCV  
  17  2:36  SCV  
  18  2:41  Supply Depot  
  18  3:00  Factory  
  18  3:12  Supply Depot  
  18  4:00  Engineering Bay  
  18  4:02  Factory  
  18  4:15  Factory Tech Reactor  
  18  4:43  Armory  
  18  5:02  Fire-Suppression Systems  
  18  5:26  Factory Tech Reactor  
  18  5:27  Starport  
  18  5:43  Infernal Pre-Igniter  
  22  5:51  Hellbat x2  
  22  6:03  330mm Barrage Cannon  
  22  6:13  Hellion x2  
  22  6:14  SCV  
  22  6:19  Starport  
  23  6:28  SCV  
  24  6:41  SCV  
  25  7:06  Upgrade Laser Drill Level 1  
  25  7:21  Starport Tech Reactor  
  25  7:22  Starport Tech Reactor  
  25  7:39  Perdition Turret  
  25  8:00  Perdition Turret  
  25  8:25  Perdition Turret  
  25  8:33  Siege Tank  
  28  8:49  Perdition Turret  
  28  9:13  Spinning Dizzy  
  28  9:37  Siege Tank  
  28  9:38  Siege Tank x2  
  37  9:50  Spinning Dizzy  
  37  10:22  Pulse Amplifier  
  37  10:26  Mag-Field Accelerator  
  37  10:33  Thor  
  43  10:48  Supply Depot  
  43  11:19  Supply Depot  
  43  11:21  Wraith x2  
  43  11:22  Displacement Field  
  47  12:17  Siege Tank x2  
  53  12:22  Improved Nano-Repair, Spinning Dizzy  
  53  12:27  Spinning Dizzy  
  53  12:47  Spinning Dizzy  
  51  13:22  Defensive Matrix  
  51  13:40  Perdition Turret  
  51  14:05  Perdition Turret  
  49  14:29  Perdition Turret  
  49  14:50  Upgrade Laser Drill Level 2  
  49  14:53  Perdition Turret  
  49  14:56  Maelstrom Rounds  
  49  14:58  Infernal Plating  
  49  15:07  Perdition Turret  
  49  15:10  Perdition Turret  
  49  15:18  Perdition Turret  
  49  15:25  Perdition Turret x2  
  49  15:27  Perdition Turret  
  47  15:37  Siege Tank  
  47  15:38  Siege Tank  
  53  15:42  Spinning Dizzy  
  53  15:51  Hercules  
  53  15:56  Targeting Optics  
  53  15:58  Ares-Class Targeting System  
  56  16:04  Devastation Turret  
  56  16:33  Devastation Turret  
  56  16:40  Thor  
  62  18:36  Terran Vehicle and Ship Weapons Level 1  
  62  18:39  Supply Depot  
  62  18:42  Structure Armor  
  62  19:10  Supply Depot  
  62  19:41  Supply Depot  
  62  19:42  Hi-Sec Auto Tracking  
  62  20:11  Supply Depot  
  60  20:47  Supply Depot  
  51  20:51  Devastation Turret x2  
  42  21:16  Terran Vehicle And Ship Armor Level 1  
  42  21:20  Supply Depot  
  42  21:21  Devastation Turret x2  
  42  21:42  Perdition Turret  
  42  21:43  Perdition Turret  
  42  21:48  Devastation Turret  
  42  21:51  Devastation Turret  
  42  22:15  Devastation Turret  
  42  22:27  Perdition Turret  
  42  22:51  Wraith x3  
  42  22:52  Wraith  
  42  22:56  Perdition Turret  
  42  22:57  Perdition Turret  
  42  22:58  Perdition Turret  
  50  23:04  Perdition Turret x2  
  50  23:06  Perdition Turret  
  50  23:31  Wraith x3  
  50  23:32  Science Vessel  
  58  23:56  Regenerative Bio-Steel  
  58  24:11  Science Vessel, Wraith x2  
Show
View Real Time Build Order
Export as new Build Order

NamroodTuo Terran 

Build Orders:  

Get SALT Encoding   

  12  0:04  SCV  
  13  0:22  SCV  
  14  0:36  Refinery  
  14  0:39  SCV  
  15  0:49  Engineering Bay  
  15  0:56  SCV  
  16  1:13  SCV  
  10  1:30  SCV  
  17  1:37  Gunslingers Hideout  
  18  1:42  Refinery  
  18  1:46  SCV  
  19  2:03  SCV  
  19  2:08  Refinery  
  20  2:20  SCV  
  21  2:37  SCV  
  22  2:52  Auto-Turret  
  22  2:54  SCV  
  23  3:01  Tychus  
  23  3:11  SCV  
  24  3:20  Auto-Turret  
  24  3:39  ITC-E Triggers  
  24  3:47  SCV  
  25  4:09  Fixers Safehouse  
  25  4:13  Auto-Turret  
  25  4:38  SCV  
  26  4:55  SCV  
  27  5:08  Outlaw Life and Armor Level 1  
  27  5:12  SCV  
  28  5:26  Muscle Armory  
  28  5:29  SCV  
  29  5:46  SCV  
  30  6:03  SCV  
  31  6:20  SCV  
  32  6:37  SCV  
  33  6:48  Lt Layna Nikara  
  43  6:54  SCV  
  44  7:08  Outlaw Weapons Level 1  
  44  7:11  SCV  
  45  7:28  SCV  
  46  7:44  SCV  
  47  8:01  SCV  
  48  8:18  SCV  
  49  8:46  Crooked Sam  
  59  9:08  Flashforce GDM Visor  
  59  9:10  Kel-Morian Ripper Rounds  
  59  10:38  Endurance Supplements  
  59  11:06  Miles Blaze Lewis  
  69  12:08  Outlaw Life and Armor Level 2  
  69  12:42  Procyon Shade Suit  
  69  12:43  Wildflame Fuel Additives  
  69  12:44  Hades Oil  
  69  14:28  Outlaw Weapons Level 2  
  69  14:33  SCV  
  70  14:43  Medivac Platform  
  70  14:48  High Capacity Containers  
  70  14:50  SCV, Procyon Twin Heal Beam Gauntlet  
  71  16:18  Nux  
  81  16:48  Outlaw Life and Armor Level 3  
  81  21:33  Outlaw Weapons Level 3  
  81  21:34  Moebius Restraint Matrix  
  81  21:35  Vanadium Shell  
  81  21:39  Ultrasonic Boosters, Crystalline Amplifiers  
  81  21:40  Procyon Serum, T4 Cloudburst Shells, Umojan Repair Nanites  
  81  22:14  Auto-Turret  
  81  22:18  Auto-Turret  
  81  22:37  Medivac Platform  
  81  22:38  SCV  
  82  22:41  Auto-Turret  
  82  22:44  Auto-Turret  
  82  23:08  Auto-Turret  
  82  23:19  KD9a Implosion Core, LarsCorp G7 Charges  
Tags
 
Commander
SwannTychus
Matchup
Co-op
Replay Pack
Multiplayer
Add a new tag
Caveats
  • Supply blocks, unpowered buildings, or Contaminate may cause inaccurate times.
  • Supply counts are checked every 10 seconds.